 Seeded DCSS version 0.28-a0-1339-ga5422284a4 (webtiles) character file.

Game seed: 12130800008223909736 (custom seed)

6218 croobank the Fighter (level 10, -4/72 HPs)
             Began as an Octopode Cinder Acolyte on Dec 28, 2021.
             Was a Believer of Ignis.
             Slain by a two-headed ogre (25 damage)
             ... on level 10 of the Dungeon.
             The game lasted 01:05:21 (13472 turns).

croobank the Fighter (Octopode Cinder Acolyte)     Turns: 13472, Time: 01:05:29

Health: -4/72      AC:  1    Str: 21    XL:     10   Next: 92%
Magic:  16/20      EV: 12    Int: 19    God:    Ignis [**....]
Gold:   447        SH:  4    Dex:  6    Spells: 11/23 levels left

rFire   + + .      SeeInvis .   b - +0 hunting sling {b}
rCold   . . .      Faith    .   P - +0 buckler
rNeg    . . .      Spirit   .   (helmet restricted)
rPois   .          Reflect  .   y - amulet of magic regeneration
rElec   .          Harm     .   e - ring of wizardry
rCorr   .          Rampage  .   R - +6 ring of strength
Will    .....      Rage     1%  W - +4 ring of slaying
Stlth   ++........              X - ring of wizardry
HPRegen 0.22/turn               (no ring)
MPRegen 0.57/turn               (no ring)
                                (no ring)
                                (no ring)

@: about to teleport
A: almost no armour, amphibious, 8 rings, camouflage 1, gelatinous body 1,
(nimble swimmer 1), tentacles, tentacle spike 1, berserk 1, clumsy 1, fire
resistance 1
a: Renounce Religion, Fiery Armour, Foxfire Swarm


You were on level 10 of the Dungeon.
You worshipped Ignis.
Ignis was pleased with you.
You visited 1 branch of the dungeon, and saw 11 of its levels.
You also visited: Ossuary.

You collected 447 gold pieces.

Inventory:

Hand Weapons
 a - a +0 trident
 b - a +0 hunting sling (weapon) {b}
 j - a -1 spear of flaming
 m - a +5 scimitar
 v - a +1 dagger of draining
 w - a +2 vampiric rapier
 I - a +0 morningstar of flaming
 U - a +0 shortbow
 V - a +0 dire flail
 Z - a +3 dagger of chaos
Missiles
 d - 44 bolts
 g - 76 poisoned darts
 t - 109 arrows
 x - 221 stones
 A - 123 sling bullets (quivered ammo)
 O - 2 curare-tipped darts
 Q - a throwing net
Armour
 k - a +1 kite shield of resistance
 r - an orb of energy
 P - a +0 buckler (worn)
Magical Staves
 q - a staff of earth
Jewellery
 e - a ring of wizardry (left tentacle)
 y - an amulet of magic regeneration (around mantle)
 R - a +6 ring of strength (right tentacle)
 W - a +4 ring of slaying (on tentacle)
 X - a ring of wizardry (on tentacle)
Wands
 n - a wand of flame (24)
Scrolls
 c - 4 scrolls of enchant armour {enchant armour, unknown}
 l - 8 scrolls of identify {identify}
 p - 3 scrolls of vulnerability {vulnerability, unknown}
 z - 3 scrolls of blinking {blinking}
 B - a scroll of silence {silence, unknown}
 C - a scroll of fear {fear, unknown}
 F - a scroll of fog {fog, unknown}
 G - a scroll of amnesia {amnesia, unknown}
 H - 2 scrolls of magic mapping {magic mapping, unknown}
 J - 4 scrolls of summoning {summoning, unknown}
 K - 2 scrolls of brand weapon {brand weapon, unknown}
 L - a scroll of immolation {immolation, unknown}
 S - 2 scrolls of torment {torment, unknown}
Potions
 h - 6 potions of curing {curing}
 i - 2 potions of might {might}
 o - a potion of cancellation {cancellation}
 s - 2 potions of degeneration {degeneration}
 u - 6 potions of haste {haste}
 D - a potion of heal wounds {heal wounds}
 E - 2 potions of lignification {lignification, unknown}
 M - a potion of mutation
 N - a potion of magic {magic, unknown}
 T - a potion of attraction {attraction, unknown}
 Y - a potion of brilliance


   Skills:
 + Level 8.2 Fighting
 + Level 8.2 Polearms
 * Level 5.1 Shields
 + Level 7.0 Spellcasting
 + Level 8.2 Fire Magic


You had 11 spell levels left.
You knew the following spells:

 Your Spells              Type           Power      Damage    Failure   Level
a - Scorch                Fire           76%        2d8       1%          2
b - Ensorcelled Hibernat  Hex/Ice        12%        N/A       4%          2
c - Swiftness             Air            6%         N/A       9%          3
d - Fireball              Conj/Fire      11%        3d7       13%         5

Your spell library contained the following spells:

 Spells                   Type           Power      Damage    Failure   Level
 Passwall                 Tmut/Erth      5%         N/A       4%          2
 Tukima's Dance           Hex            6%         N/A       9%          3
 Iskenderun's Battlesphe  Conj           6%         2d6       54%         5
 Conjure Ball Lightning   Conj/Air       3%         3x3d6     97%         6
 Enfeeble                 Hex            3%         N/A       100%        7
 Orb of Destruction       Conj           3%         9d1       100%        7


Dungeon Overview and Level Annotations

Branches:
Dungeon (11/15)            Temple (0/1) D:4         Ossuary (visited)
   Lair: D:8-11         Orc: D:9-12

Altars:
Nemelex Xobeh
Qazlal
Xom

Shops:
D:1 *   D:2 =   D:3 !

Annotations:
D:4 1 runed translucent door, croobank's ghost, novice OpCA
D:10 Harold


Innate Abilities, Weirdness & Mutations

You cannot wear most types of armour.
You are amphibious.
You can wear up to eight rings at the same time.
Your skin changes colour to match your surroundings (Stealth+).
Your rubbery body absorbs attacks. (AC +1, EV +1)
((You are camouflaged when in or above water. (Stealth+)))
You have tentacles for arms and can constrict up to eight enemies at once.
One of your tentacles bears a spike.
You tend to lose your temper in combat.
You are clumsy. (Dex -2)
Your flesh is heat resistant. (rF+)


Message History

A two-headed ogre is nearby!
Fire: 126 sling bullets
Press: ? - help, Q - select action, (/) - cycle Shift-Dir - straight line, f - two-headed ogre
Aim: a two-headed ogre, wielding two +0 giant clubs (77% to hit)
You shoot a sling bullet.
The sling bullet hits the two-headed ogre!
The two-headed ogre is lightly wounded.
Fire: 125 sling bullets
Press: ? - help, Q - select action, (/) - cycle Shift-Dir - straight line, f/p - two-headed ogre
Aim: a two-headed ogre, wielding two +0 giant clubs (lightly wounded, 77% to hit)
You shoot a sling bullet.
The sling bullet hits the two-headed ogre!
The two-headed ogre is heavily wounded.
Fire: 124 sling bullets
Press: ? - help, Q - select action, (/) - cycle Shift-Dir - straight line, f/p - two-headed ogre
Aim: a two-headed ogre, wielding two +0 giant clubs (heavily wounded, 77% to hit)
You shoot a sling bullet.
The sling bullet barely misses the two-headed ogre.
Casting: Scorch (safe; 1% risk of failure)
Confirm with . or Enter, or press ? or * to list all spells.
Flames lash the two-headed ogre but do no damage.
You hear a shout!
Casting: Scorch (safe; 1% risk of failure)
Confirm with . or Enter, or press ? or * to list all spells.
Flames lash the two-headed ogre.
The two-headed ogre is heavily wounded.
The two-headed ogre's fire resistance burns away.
As you read the scroll of teleportation {teleportation}, it crumbles to dust.
You feel strangely unstable.
The two-headed ogre hits you with a +0 giant club!
* * * LOW HITPOINT WARNING * * *
The two-headed ogre closely misses you.
The two-headed ogre is no longer more vulnerable to fire.
Casting: Scorch (safe; 1% risk of failure)
Confirm with . or Enter, or press ? or * to list all spells.
Flames lash the two-headed ogre.
The two-headed ogre is severely wounded.
The two-headed ogre's fire resistance burns away.
The two-headed ogre hits you with a +0 giant club!!
You die...

#..#.......#....(...##
..###.............#.#
...###........#..####
.#..............@##
........).........#
........#....##..###
.##....##....#.....##
$...<..#........O...#
###.............@...#
.####.#...#..##....##
.. ###......#####.# .#
#.......## ##
.####........##
.##...........##
.#...#.........#
....###......###
#....#......##


You could see Harold and a two-headed ogre (combustible).

Vanquished Creatures
  A two-headed ogre (D:9)
  Psyche (D:10)
  Maggie (D:10)
  A meliai zombie (D:10)
  Sigmund (D:3)
  A wraith (D:10)
  A wyvern (D:9)
  Eustachio (D:4)
  3 yaks
  Duvessa (D:4)
  3 water moccasins
  2 orc warriors
  2 black bears
  An ice beast (D:8)
  4 centaurs
  2 necrophages
  An ogre (D:7)
  3 phantoms
  A kobold brigand (D:10)
  6 bullfrogs
  2 scorpions
  Dowan (D:4)
  A water moccasin skeleton (D:7)
  5 killer bees
  3 wights (D:8)
  An electric eel (D:6)
  5 howler monkeys
  5 centaur zombies
  A human zombie (Ossuary)
  2 hounds (D:6)
  An orc priest (D:9)
  4 orc wizards
  Ijyb (D:3)
  2 scorpion zombies (D:5)
  6 mummies
  A howler monkey zombie (D:9)
  10 adders
  A shadow imp (D:7)
  A white imp (D:8)
  An ufetubus (D:4)
  A worm (D:3)
  A dart slug (D:1)
  20 orcs
  5 endoplasms
  4 giant cockroaches
  4 goblins
  5 hobgoblins
  4 jackals (D:4)
  5 quokkas
  8 ball pythons
  6 bats
  3 frilled lizards (D:1)
  2 goblin zombies (Ossuary)
  A hobgoblin zombie (Ossuary)
  7 kobolds
  An orc zombie (Ossuary)
  5 rats
173 creatures vanquished.

Vanquished Creatures (others)
  20 foxfires (D:10)
  12 plants
32 creatures vanquished.

Grand Total: 205 creatures vanquished

Notes
Turn   | Place    | Note
-------+----------+-------------------------------------------
     0 | D:1      | croobank the Octopode Cinder Acolyte began the quest for
                  | the Orb.
     0 | D:1      | Reached XP level 1. HP: 16/16 MP: 2/2
    42 | D:1      | Found Wisoshren's General Store.
   277 | D:1      | Reached XP level 2. HP: 12/21 MP: 3/3
   282 | D:1      | Learned a level 2 spell: Scorch
   922 | D:1      | Reached XP level 3. HP: 24/26 MP: 5/5
  1299 | D:2      | Found a faded altar of an unknown god.
  1427 | D:2      | Found Tueluf's Jewellery Shoppe.
  2193 | D:3      | Found Couciofe's Distillery.
  2258 | D:3      | Reached XP level 4. HP: 31/31 MP: 6/6
  2364 | D:3      | Noticed Ijyb
  2376 | D:3      | Killed Ijyb
  2750 | D:3      | Noticed Sigmund
  2765 | D:3      | Killed Sigmund
  2766 | D:3      | Reached XP level 5. HP: 26/37 MP: 2/9
  2766 | D:3      | Reached XP level 6. HP: 31/43 MP: 2/10
  3529 | D:4      | Found a runed translucent door.
  3531 | D:4      | Noticed croobank's ghost (novice OpCA)
  3973 | D:4      | Identified the +0 pair of gloves of the Constellations {rF+
                  | rC++ Dex+4}
  4164 | D:4      | Noticed Eustachio
  4176 | D:4      | Killed Eustachio
  4177 | D:4      | Reached XP level 7. HP: 19/49 MP: 4/12
  4455 | D:4      | Noticed Duvessa
  4455 | D:4      | Noticed Dowan
  4463 | D:4      | Killed Duvessa
  4464 | D:4      | Reached skill level 5 in Fighting
  4464 | D:4      | Reached skill level 5 in Polearms
  4464 | D:4      | Reached skill level 5 in Fire Magic
  4469 | D:4      | Killed Dowan
  4689 | D:4      | Found a staircase to the Ecumenical Temple.
  4912 | D:5      | Entered Level 5 of the Dungeon
  5261 | D:5      | Reached XP level 8. HP: 43/55 MP: 2/14
  5475 | D:5      | Found a sparkling altar of Nemelex Xobeh.
  6973 | D:6      | Reached skill level 5 in Spellcasting
  7411 | D:6      | Reached XP level 9. HP: 62/62 MP: 11/16
  9502 | D:8      | Found a sand-covered staircase.
  9524 | Ossuary  | Entered an ossuary
  9595 | Ossuary  | Gained mutation: You tend to lose your temper in combat.
                  | [potion of mutation]
  9595 | Ossuary  | Gained mutation: One of your tentacles bears a spike.
                  | [potion of mutation]
  9595 | Ossuary  | Gained mutation: You are clumsy. (Dex -2) [potion of
                  | mutation]
  9595 | Ossuary  | Gained mutation: Your flesh is heat resistant. (rF+)
                  | [potion of mutation]
  9936 | D:8      | Learned a level 2 spell: Ensorcelled Hibernation
 10130 | D:8      | Learned a level 3 spell: Swiftness
 10130 | D:8      | Found a stormy altar of Qazlal.
 10151 | D:8      | Reached skill level 1 in Shields
 10494 | D:8      | Reached XP level 10. HP: 19/71 MP: 19/19
 11047 | D:9      | Found a shimmering altar of Xom.
 11185 | D:9      | Noticed a two-headed ogre
 11207 | D:9      | Killed a two-headed ogre
 11392 | D:10     | Entered Level 10 of the Dungeon
 11869 | D:9      | HP: 3/72 [orc warrior (16)]
 12009 | D:10     | Noticed Maggie
 12285 | D:9      | Learned a level 5 spell: Fireball
 12713 | D:10     | Noticed Harold
 12733 | D:10     | Noticed Psyche
 12741 | D:10     | Noticed a two-headed ogre
 13157 | D:10     | Killed Psyche
 13174 | D:10     | Killed Maggie
 13336 | D:10     | Reached skill level 5 in Shields
 13472 | D:10     | Slain by a two-headed ogre

Illustrated notes

Levels and vault maps discovered:
D:1:      grunt_arrival_crossed_arrows, layout_loops_ring, serial_shops, shop,
          chequers_serial_rivers_micro_b
D:2:      layout_basic, serial_shops, shop,
          shapermc_ecumenical_altar_mp_urbaneastern
D:3:      layout_loops_cross, serial_shops, shop_statue, uniq_ijyb, uniq_sigmund
D:4:      layout_basic, lemuel_temple_firewalk_a, ebering_ghost_reflecting_pool,
          uniq_eustachio, uniq_duvessa
D:5:      layout_loops_cross, mainiacjoe_overflow_paths
D:6:      layout_layer_cave, chequers_big_river, dk_noncrumbling_4
D:7:      layout_loops_corners
D:8:      layout_loops_ring, mainiacjoe_overflow_concentric_impassable,
          gup_ossuary_entry_pyramid
D:9:      layout_irregular_city, mainiacjoe_overflow_surrounded_room
D:10:     layout_cave_pools, dpeg_oklobed_lair, minmay_misc_feat_square,
          uniq_maggie, uniq_harold, uniq_psyche
D:11:     kennysheep_kobold_lugonu_temple, layout_long_grid, erik_orc_2

Skill      XL: |  1  2  3  4  5  6  7  8  9 10 |
---------------+-------------------------------+-----
Spellcasting   | 2 3 4 5 6 7 |  7.0
Fighting       | 4 5 6 7 8 |  8.2
Polearms       | 4 5 6 7 8 |  8.2
Fire Magic     | 4 5 6 7 8 |  8.2
Shields        | 1 5 |  5.1

Action                   |  1- 3 |  4- 6 |  7- 9 | 10-12 || total
-------------------------+-------+-------+-------+-------++-------
Melee: Spear             |    43 |       |       |       ||    43
       Constrict         |    11 |     6 |    11 |     1 ||    29
       Tentacles         |     9 |     3 |    11 |     3 ||    26
       Trident           |     7 |    38 |    65 |     7 ||   117
       Kick              |       |       |     8 |       ||     8
 Fire: Hunting sling     |       |       |    40 |    25 ||    65
Throw: Dart              |       |     3 |       |       ||     3
 Cast: Scorch            |    18 |    44 |   138 |    81 ||   281
       Fireball          |       |       |       |     5 ||     5
Invok: Fiery Armour      |       |     2 |     2 |     4 ||     8
       Foxfire Swarm     |       |       |       |     1 ||     1
       Rising Flame      |       |       |       |     1 ||     1
Evoke: Wand              |       |       |       |     2 ||     2
  Use: Potion            |       |     1 |     1 |     5 ||     7
       Scroll            |       |       |       |     7 ||     7
 Stab: Sleeping          |     1 |     1 |     1 |       ||     3
Armor: Skin              |     3 |     3 |    11 |    15 ||    32
Dodge: Dodged            |    36 |    25 |    71 |    43 ||   175
Block: Buckler           |       |       |       |    13 ||    13

Table legend: (Time is in decaauts)
 A = Elapsed time spent in this place.
 B = Non-inter-level travel time spent in this place.
 C = Inter-level travel time spent in this place.
 D = Time resting spent in this place.
 E = Time spent auto-exploring this place.
 F = Levels seen in this place.
 G = Mean time per level.
                   A        B        C        D        E       F      G
               +--------+--------+--------+--------+--------+-----+--------+
         Total |  13489 |  13288 |    201 |   4261 |   6556 |  12 | 1124.1 |
       Dungeon |  13133 |  12932 |    201 |   4101 |   6510 |  11 | 1193.9 |
       Ossuary |    356 |    356 |      0 |    160 |     46 |   1 |  356.0 |
               +--------+--------+--------+--------+--------+-----+--------+

Top non-repeatable levels by time:
     D:6: 2223 daAuts
     D:9: 1866 daAuts
     D:4: 1483 daAuts
     D:7: 1415 daAuts
     D:3: 1267 daAuts
     D:5: 1100 daAuts
     D:1: 1092 daAuts
     D:2: 1068 daAuts
     D:8: 964 daAuts
    D:10: 626 daAuts
 Ossuary: 356 daAuts
    D:11: 24 daAuts
